 Dungeon Crawl Stone Soup version 0.18-a0-1626-g65af6d3 (webtiles) character file.

9129 namelastname112 the Slicer (level 11, -1/94 HPs)
             Began as a White Draconian Berserker on Mar 24, 2016.
             Was a High Priest of Trog.
             Slain by an unseen horror (9 damage)
             ... on level 11 of the Dungeon.
             The game lasted 00:17:05 (11086 turns).

namelastname112 the Slicer (DrBe)                  Turns: 11086, Time: 00:17:05

Health: -1/94      AC: 12    Str: 20      XL:     11   Next: 19%
Magic:  11/11      EV: 16    Int:  4 (5)  God:    Trog [*****.]
Gold:   579        SH:  0    Dex: 14      Spells: 0 memorised, 10 levels left

rFire  + . .     SeeInvis .     f - +2 dagger (chaos)
rCold  + . .     Gourm    .     (armour unavailable)
rNeg   . . .     Faith    .     (no shield)
rPois  .         Spirit   .     (helmet restricted)
rElec  +         Dismiss  .     t - +1 cloak
rCorr  .         Reflect  .     p - +0 pair of gloves
SustAt .         Harm     .     n - +0 pair of boots
MR     .....                    (no amulet)
Stlth  ++++......               x - ring of protection from fire
                                e - ring of wizardry

@: exhausted, flying, slowed, very slow, not resistant to hostile enchantments,
stealthy
A: breathe frost, unfitting armour, big wings, horns 1, cold resistance 1,
deterioration 1, dopey 1, mutation resistance 1, shaggy fur 1, electricity
resistance, wild magic 2, cold-blooded, AC +7
a: Breathe Frost, Stop Flying, Berserk, Trog's Hand, Brothers in Arms, Burn
Spellbooks, Renounce Religion


You were on level 11 of the Dungeon.
You worshipped Trog.
Trog was extremely pleased with you.
You were not hungry.

You visited 2 branches of the dungeon, and saw 12 of its levels.
You also visited: Sewer.

You collected 579 gold pieces.

Inventory:

Hand Weapons
 f - a +2 dagger of chaos (weapon)
 O - a +4 quick blade
 Q - a +0 blowgun
Missiles
 N - 3 curare-tipped needles
Armour
 n - a +0 pair of boots (worn)
 p - a +0 pair of gloves (worn)
 t - a +1 cloak (worn)
Jewellery
 e - a ring of wizardry (left hand)
 x - a ring of protection from fire (right hand)
Wands
 m - a wand of flame (21/48)
 r - a wand of polymorph (1/24)
 s - a wand of acid (7/15)
 u - a wand of hasting (4/9)
 C - a wand of heal wounds (0/9)
 G - a wand of enslavement (9/24)
 L - a wand of digging (13/24)
 R - a wand of paralysis (1/24)
Scrolls
 c - 6 scrolls of remove curse
 d - 3 scrolls of fog
 g - 2 scrolls of fear
 h - 4 scrolls of blinking
 j - 3 scrolls of immolation
 v - 9 scrolls of teleportation
 w - a scroll of enchant armour
 D - a scroll of magic mapping
 I - 4 scrolls of identify
 K - a scroll of enchant weapon
Potions
 a - 3 potions of lignification
 i - 2 potions of berserk rage
 k - 8 potions of agility
 l - 6 potions of curing
 o - 2 potions of flight
 q - a potion of ambrosia
 z - a potion of brilliance
 A - a potion of might
 B - 2 potions of haste
 H - a potion of invisibility
Books
 y - a book of Transfigurations

   Spells                             Type                      Level
   a - Irradiate                      Conjuration/Transmutation    5
   b - Statue Form                    Transmutation/Earth          6
   c - Hydra Form                     Transmutation                6
   d - Dragon Form                    Transmutation                7
   Trog disapproves of the use of such an item.
 M - a book of Maledictions

   Spells                             Type                      Level
   a - Corona                         Hexes                        1
   b - Ensorcelled Hibernation        Hexes/Ice                    2
   c - Confuse                        Hexes                        3
   d - Tukima's Dance                 Hexes                        3
   e - Dazzling Spray                 Conjuration/Hexes            3
   Trog disapproves of the use of such an item.
Comestibles
 b - 7 bread rations
 E - a meat ration
 F - 7 fruits
 J - a slice of pizza


   Skills:
 + Level 8.1 Fighting
 - Level 10.5 Short Blades
 + Level 0.1 Throwing
 + Level 7.2 Dodging
 * Level 10.2 Stealth


You had 10 spell levels left.
You didn't know any spells.

Dungeon Overview and Level Annotations

Branches:
Dungeon (11/15)            Temple (1/1) D:6            Lair (0/8) D:9
    Orc (0/2) D:11

Altars:
Ashenzari
Cheibriados
Elyvilon
Fedhas
Gozag
Kikubaaqudgha
Makhleb
Okawaru
Pakellas
Qazlal
Vehumet
Xom
Yredelemnul
The Shining One

Shops:
D:11 ([[

Annotations:
D:11 namelastname112's ghost, novice DrBe


Innate Abilities, Weirdness & Mutations

You can breathe waves of freezing cold.
You can buffet flying creatures when you breathe cold.
Your icy white scales are hard (AC +7).
Your body does not fit into most forms of armour.
Your flesh is cold resistant.
You are cold-blooded and may be slowed by cold attacks.
Your large and strong wings let you fly indefinitely.
You have a pair of small horns on your head.
Your body sometimes deteriorates upon taking damage.
You are dopey. (Int -2)
You are somewhat resistant to further mutation.
You are covered in fur (AC +1).
You are resistant to electric shocks.
Your spells are harder to cast, but more powerful.


Message History

* * * LOW HITPOINT WARNING * * *
You feel your anger subside. Something hits you.
* * * LOW HITPOINT WARNING * * *
You are no longer berserk.
You are exhausted.
You feel yourself slow down. Something hits you.
* * * LOW HITPOINT WARNING * * *
You hit something.
You feel better.
You tail-slap something.
You have got your breath back.
Something closely misses you.
Evoke which item? (* to show all) (? for menu, Esc to quit)
Zapping:
r - a wand of polymorph {zapped: 13} (will waste charges)
Press: ? - help, Shift-Dir - straight line Nothing appears to happen.
Evoking this partially-identified wand wasted a few charges.
Something hits you.
* * * LOW HITPOINT WARNING * * *
Something hits you!
You die...

#..........######
#...............################
#.............).##..............
#...............##..............
########..........))### #####...
####.........#).).###..##.^.
....>...............#....##).
###...........##....#.....###
#........{@.##.......#.....
#........{..##....#..#.....
#...#####+#.##....#..##..##
######...#####.#.##...##...#.##.
#.................#.###.........
#........(..........##....##.#..
#.......†...........#...###..##.
#...................#.......†.#.
#..)..............#.##....)...#.


There were no monsters in sight!

Vanquished Creatures
  Pikel (D:7)
  A manticore (D:11)
  Maurice (D:8)
  The ghost of namelastname112 the Cutter, a novice DrBe of Trog (D:7)
  A two-headed ogre (shapeshifter) (D:8)
  A troll (D:10)
  Sigmund (D:4)
  A wyvern (D:9)
  A redback (D:11)
  6 yaks
  A fire bat (D:11)
  A hungry ghost (D:9)
  A hippogriff (D:7)
  A water moccasin (D:11)
  Duvessa (D:5)
  2 orc warriors
  4 sky beasts
  An ice beast (D:9)
  Purgy (Sewer)
  The ghost of namelastname112 the Cutter, an amateur DrBe of Trog (D:3)
  6 ogres
  2 necrophages
  4 centaurs
  A phantom (D:7)
  A crocodile (D:9)
  A big kobold (D:11)
  A wyvern zombie (D:10)
  7 giant frogs
  A gnoll sergeant (D:6)
  Dowan (D:5)
  A scorpion (D:8)
  8 killer bees
  10 wights
  2 vampire bats (D:3)
  A howler monkey (D:4)
  A giant frog zombie (D:8)
  8 crimson imps
  A lava snake (D:7)
  2 jellies (D:10)
  4 hounds
  A giant frog skeleton (D:9)
  3 orc priests
  Crazy Yiuf (D:3)
  7 orc wizards
  Ijyb (D:3)
  9 worker ants
  Natasha (twice) (D:3)
  3 iguanas
  3 hound skeletons
  2 worker ant zombies
  A howler monkey zombie (D:7)
  Robin (D:3)
  9 adders
  15 gnolls
  A river rat (D:3)
  A shadow imp (D:6)
  An ooze (D:4)
  An adder zombie (D:8)
  4 adder skeletons
  4 worms
  3 dart slugs
  6 giant geckos
  38 orcs
  2 ball pythons (D:3)
  9 giant cockroaches
  20 goblins
  7 hobgoblins
  8 jackals
  2 quokkas
  A ball python skeleton (D:5)
  25 bats
  3 giant newts
  A jackal skeleton (D:5)
  11 kobolds
  13 rats
  A spectral orc (D:5)
312 creatures vanquished.

Vanquished Creatures (others)
  2 slaves (D:7)
  An orc wizard (D:7)
  2 fungi (D:9)
5 creatures vanquished.

Grand Total: 317 creatures vanquished

Notes
Turn   | Place    | Note
--------------------------------------------------------------
     0 | D:1      | namelastname112 the Draconian Berserker began the quest for the Orb.
     0 | D:1      | Reached XP level 1. HP: 19/19 MP: 1/1
   113 | D:1      | Reached XP level 2. HP: 10/26 MP: 2/2
   183 | D:1      | Reached skill level 1 in Stealth
   564 | D:1      | You fall through a shaft!
   564 | D:2      | Found a blossoming altar of Fedhas.
   865 | D:2      | Reached XP level 3. HP: 29/31 MP: 3/3
  1418 | D:2      | Reached XP level 4. HP: 26/40 MP: 4/4
  1423 | D:2      | Reached ** piety under Trog
  1956 | D:3      | Noticed Crazy Yiuf
  1963 | D:3      | Killed Crazy Yiuf
  1963 | D:3      | Reached XP level 5. HP: 46/46 MP: 0/5
  2054 | D:3      | Found an oddly glowing altar of Pakellas.
  2063 | D:3      | Noticed namelastname112's ghost (amateur DrBe)
  2077 | D:3      | Killed namelastname112's ghost
  2158 | D:3      | Noticed Ijyb
  2179 | D:3      | Killed Ijyb
  2228 | D:3      | Found a glowing golden altar of the Shining One.
  2228 | D:3      | Noticed Robin
  2276 | D:3      | Noticed Natasha
  2287 | D:3      | Killed Natasha
  2287 | D:3      | Reached XP level 6. HP: 39/52 MP: 6/6
  2396 | D:3      | Found a glowing drain.
  2419 | Sewer    | Entered a sewer
  2491 | Sewer    | Noticed Purgy
  2503 | Sewer    | Killed Purgy
  2629 | D:3      | Noticed Natasha
  2649 | D:3      | Killed Natasha
  2649 | D:3      | Reached skill level 5 in Short Blades
  2680 | D:3      | Reached *** piety under Trog
  2761 | D:3      | Your scales start taking on an icy white colour.
  2761 | D:3      | Reached XP level 7. HP: 53/60 MP: 7/7
  2761 | D:3      | Gained mutation: Your flesh is cold resistant. [White Draconian growth]
  2826 | D:3      | Killed Robin
  3146 | D:4      | Noticed Sigmund
  3162 | D:4      | Killed Sigmund
  3223 | D:4      | Reached skill level 5 in Stealth
  3260 | D:4      | Reached XP level 8. HP: 60/67 MP: 8/8
  3266 | D:4      | Found an ancient bone altar of Kikubaaqudgha.
  3281 | D:4      | Reached skill level 5 in Fighting
  3288 | D:4      | Reached **** piety under Trog
  3317 | D:4      | Found a radiant altar of Vehumet.
  3559 | D:4      | Found an opulent altar of Gozag.
  4024 | D:5      | Entered Level 5 of the Dungeon
  4167 | D:5      | Found a basalt altar of Yredelemnul.
  4317 | D:5      | Found a shimmering altar of Xom.
  4362 | D:5      | Noticed Duvessa
  4385 | D:5      | Noticed Dowan
  4398 | D:5      | Reached skill level 5 in Dodging
  4401 | D:5      | Killed Dowan
  4409 | D:5      | Killed Duvessa
  5591 | D:6      | Reached XP level 9. HP: 66/75 MP: 9/9
  5769 | D:6      | Found a staircase to the Ecumenical Temple.
  5804 | D:6      | Found a shattered altar of Ashenzari.
  5919 | D:6      | Found an iron altar of Okawaru.
  6427 | Temple   | Entered the Ecumenical Temple
  6554 | D:7      | Noticed namelastname112's ghost (novice DrBe)
  6569 | D:7      | Noticed Pikel
  6577 | D:7      | Killed namelastname112's ghost
  6587 | D:7      | Killed Pikel
  6675 | D:7      | Gained mutation: You have a pair of small horns on your head. [mutagenic meat]
  6676 | D:7      | Gained mutation: Your muscles are strong. (Str +2) [mutagenic meat]
  6677 | D:7      | Gained mutation: Your body sometimes deteriorates upon taking damage. [mutagenic meat]
  6678 | D:7      | Gained mutation: Your spells are a little harder to cast, but a little more powerful. [mutagenic meat]
  6679 | D:7      | Gained mutation: Your spells are harder to cast, but more powerful. [mutagenic meat]
  6709 | D:7      | Reached ***** piety under Trog
  6791 | D:7      | Found a snail-covered altar of Cheibriados.
  7295 | D:8      | Reached XP level 10. HP: 79/84 MP: 10/10
  7376 | D:8      | Gained mutation: You are resistant to electric shocks. [mutagenic meat]
  7378 | D:8      | Lost mutation: Your muscles are strong. (Str +2) [mutagenic meat]
  7380 | D:8      | Gained mutation: You are dopey. (Int -2) [mutagenic meat]
  7381 | D:8      | Gained mutation: You have large cloven feet. [mutagenic meat]
  7382 | D:8      | Gained mutation: Your large and strong wings let you fly indefinitely. [mutagenic meat]
  7567 | D:8      | Noticed Maurice
  7585 | D:8      | Killed Maurice
  7772 | D:8      | Gained mutation: You are covered in fur (AC +1). [potion of beneficial mutation]
  7773 | D:8      | Gained mutation: You are somewhat resistant to further mutation. [potion of beneficial mutation]
  7782 | D:9      | Found a staircase to the Lair.
  8214 | D:9      | Lost mutation: You have large cloven feet. [mutagenic meat]
  8754 | D:10     | Entered Level 10 of the Dungeon
  9096 | D:10     | Reached skill level 10 in Short Blades
  9841 | D:10     | Reached XP level 11. HP: 94/94 MP: 11/11
  9888 | D:10     | Reached skill level 10 in Stealth
 10064 | D:11     | Found Boemnitre's Armour Boutique.
 10084 | D:11     | Found Raecw's Armour Emporium.
 10156 | D:11     | Found a staircase to the Orcish Mines.
 10209 | D:11     | Found Coqifuag's Antique Weapon Boutique.
 10252 | D:11     | Noticed a centaur warrior
 10342 | D:11     | Noticed Sonja
 10344 | D:11     | Noticed namelastname112's ghost (novice DrBe)
 10351 | D:11     | a centaur warrior changed into a redback
 10639 | D:11     | Received a gift from Trog
 10673 | D:11     | Noticed Sonja
 10673 | D:11     | Sonja changed into Sonja the fire bat
 10682 | D:11     | Killed Sonja the fire bat
 10992 | D:11     | Paralysed by a centaur for 7 turns
 11086 | D:11     | Slain by an unseen horror

Vault maps used:
D:1:      roderic_octagonal_star
D:2:      fedhas_altar_3
D:3:      grunt_pakellas_mercury, first_bread, portal_sewer_entry_b,
          roderic_batcave, tso_metal_star, uniq_iyjb, uniq_crazy_yiuf_cottage,
          uniq_natasha, uniq_robin
D:4:      old_standard_altar, nicolae_overflow_crystal_walls,
          kennysheep_mini_moat, amethyst_killhole, uniq_sigmund
D:5:      yredelemnul_forgotten_temple_becter, led_xom_imps, uniq_duvessa
D:6:      cheibrodos_ashenzari_chains, minmay_temple_entry_statues, basic_altar,
          lightli_corner_chamber
D:7:      nicolae_overflow_hidden_temple, kennysheep_generic_room_9, uniq_pikel
D:8:      uniq_maurice
D:9:      due_lair_maze_entry_diamond
D:11:     minmay_curly_fans, orc_0_dummy, serial_shops, nicolae_shop_waterfront,
          shop, shop, shop, nicolae_shop_behind_doors, hangedman_fish_farm,
          st_stairs_5, minivault_16, uniq_sonja
Temple:   circular_temple_pool_12
Sewer:    sewer_big_baddie

Skill      XL: |  1  2  3  4  5  6  7  8  9 10 11 |
---------------+----------------------------------+-----
Stealth        | 1 2 3 5 6 8 9 10 | 10.2
Dodging        | 3 4 5 6 7 |  7.2
Short Blades   | 4 5 6 7 8 10 | 10.5
Fighting       | 4 5 6 8 |  8.1
Throwing       | |  0.1

Action                   |  1- 3 |  4- 6 |  7- 9 | 10-12 || total
-------------------------+-------+-------+-------+-------++-------
Melee: Short sword       |   141 |   179 |    62 |       ||   382
       Dagger            |       |       |   592 |   493 ||  1085
Invok: Berserk           |     1 |     3 |     5 |     6 ||    15
       Burn Spellbooks   |       |     1 |       |       ||     1
       Trog's Hand       |       |       |     1 |       ||     1
 Abil: Breathe Frost     |       |       |     2 |     3 ||     5
       Fly               |       |       |       |     1 ||     1
Evoke: Wand              |       |       |       |     9 ||     9
  Use: Scroll            |       |       |    16 |    11 ||    27
       Potion            |       |       |       |     5 ||     5
 Stab: Sleeping          |     1 |     1 |     9 |    10 ||    21
       Confused          |       |       |     5 |     2 ||     7
       Paralysed         |       |       |     3 |     4 ||     7
       Distracted        |       |       |     2 |     2 ||     4
       Petrified         |       |       |     2 |       ||     2
       Petrifying        |       |       |     1 |     5 ||     6
  Eat: Chunk             |     3 |     5 |    19 |    27 ||    54
       Royal jelly       |       |     1 |       |       ||     1
       Pizza             |       |       |     1 |       ||     1
       Meat ration       |       |       |     1 |     1 ||     2
       Fruit             |       |       |       |     2 ||     2
